 Dungeon Crawl Stone Soup version 0.30-a0-358-g0d69a1922f (webtiles) character file.

Game seed: 5471752642408011663

28 Manisia the Caller (level 3, -4/19 HPs)
             Began as a Tengu Summoner on Nov 10, 2022.
             Slain by Sigmund
             ... wielding a +0 scythe
              (9 damage)
             ... on level 2 of the Dungeon.
             The game lasted 00:02:29 (1565 turns).

Manisia the Caller (Tengu Summoner)                 Turns: 1565, Time: 00:02:29

Health: -4/19      AC:  2    Str:  8    XL:     3   Next: 14%
Magic:  2/7        EV: 12    Int: 17    God:
Gold:   79         SH:  0    Dex: 14    Spells: 3/6 levels left

rFire   . . .      SeeInvis .    (no weapon)
rCold   . . .      Faith    .    (no shield)
rNeg    . . .      Spirit   .    a - +0 robe
rPois   .          Reflect  .    (helmet restricted)
rElec   .          Harm     .    (no cloak)
rCorr   .          Rampage  .    (no gloves)
Will    .....                    (boots unavailable)
Stlth   ++........               (no amulet)
HPRegen 0.23/turn                (no ring)
MPRegen 0.10/turn                (no ring)

@: no status effects
A: beak, talons 3
a: no special abilities


You were on level 2 of the Dungeon.
You visited 1 branch of the dungeon, and saw 2 of its levels.

You collected 79 gold pieces.

Inventory:

Armour
 a - a +0 robe (worn)
Scrolls
 e - 2 scrolls of amnesia {unknown}
 f - 3 scrolls of blinking {unknown}
 h - a scroll of fear {unknown}
 j - a scroll of summoning {unknown}
Potions
 b - a potion of magic
 c - a potion of heal wounds
 d - a potion of curing {unknown}
 g - a potion of haste {unknown}
 i - a potion of lignification {unknown}


   Skills:
 + Level 2.3 Dodging
 + Level 2.0 Stealth
 + Level 2.3 Spellcasting
 + Level 5.7 Summonings


You had 3 spell levels left.
You knew the following spells:

 Your Spells              Type           Power      Damage    Failure   Level
a - Summon Small Mammal   Summ           84%        N/A       1%          1
b - Call Imp              Summ           21%        N/A       2%          2

Your spell library contained the following spells:

 Spells                   Type           Power      Damage    Failure   Level
 Call Canine Familiar     Summ           21%        N/A       5%          3
 Summon Guardian Golem    Hex/Summ       11%        N/A       17%         3
 Cigotuvi's Dreadful Rot  Necr/Pois/Air  2%         N/A       28%         2
 Poisonous Vapours        Pois/Air       2%         N/A       28%         2
 Mephitic Cloud           Conj/Pois/Air  1%         N/A       50%         3
 Summon Lightning Spire   Summ/Air       11%        N/A       50%         4


Dungeon Overview and Level Annotations

Branches:
Dungeon (2/15)

Altars:

Annotations:
D:2 Sigmund


Innate Abilities, Weirdness & Mutations

You have a beak for a mouth.
You have claws for feet.


Message History

Your quokka barely misses Sigmund.
Your crimson imp hits Sigmund.
Your bat barely misses Sigmund.
Your quokka misses Sigmund. Sigmund barely misses your bat.
Your crimson imp hits Sigmund.
Your bat hits Sigmund but does no damage.
Your quokka bites Sigmund.
Your crimson imp completely misses Sigmund.
Your quokka bites Sigmund.
Sigmund casts a spell at your quokka. The magic dart hits your quokka!
Your quokka dies!
Your quokka's corpse disappears in a puff of smoke!
Your crimson imp blinks!
Sigmund shouts!
Casting: Summon Small Mammal (safe; 1% risk of failure)
Confirm with . or Enter, or press ? or * to list all spells.
Your bat barely misses Sigmund.
Sigmund drinks a potion.
Sigmund is healed!
Your crimson imp blinks!
Unknown command.
Your bat closely misses Sigmund.
Your crimson imp blinks!
Your bat hits Sigmund but does no damage.
Sigmund gestures at you while chanting. The puff of flame hits your bat!
Your bat dies!
Your bat's corpse disappears in a puff of smoke!
Your crimson imp blinks!
Sigmund gestures wildly while chanting.
Sigmund flickers and vanishes!
Deactivating autopickup; reactivate with Ctrl-A.
Casting: Summon Small Mammal (safe; 1% risk of failure)
Confirm with . or Enter, or press ? or * to list all spells.
A beastly little devil appears in a puff of flame.
Your crimson imp disappears in a puff of smoke!
Unknown command.
Something hits you but does no damage. Something hits you.
* * * LOW HITPOINT WARNING * * *
Your crimson imp hits something but does no damage.
Something hits you!
You die...

#....>#.#
##.....#.#
#......#.#
#......#.#
#......#
#.....5#
#....{.#
###..#r#
######†.#@#
.........#.#
########.#.#
........#.#
#######...#
#.### #.#
#.# #.#


You could see a friendly crimson imp (summoned) and a friendly quokka
(summoned).

Vanquished Creatures
  A ball python (D:1)
  A hobgoblin (D:1)
2 creatures vanquished.

Vanquished Creatures (collateral kills)
  A worm (D:2)
  A dart slug (D:1)
  4 ball pythons
  2 endoplasms
  A giant cockroach (D:1)
  2 goblins (D:1)
  4 hobgoblins (D:1)
  A kobold (D:1)
  A frilled lizard (D:1)
  A rat (D:2)
18 creatures vanquished.

Grand Total: 20 creatures vanquished

Notes
Turn   | Place    | Note
-------+----------+-------------------------------------------
     0 | D:1      | Manisia the Tengu Summoner began the quest for the Orb.
     0 | D:1      | Reached XP level 1. HP: 10/10 MP: 4/4
    68 | D:1      | Reached skill level 5 in Summonings
   258 | D:1      | Reached XP level 2. HP: 15/15 MP: 3/6
   261 | D:1      | Learned a level 2 spell: Call Imp
  1420 | D:2      | Reached XP level 3. HP: 19/19 MP: 2/7
  1537 | D:2      | Noticed Sigmund
  1565 | D:2      | Slain by Sigmund

Illustrated notes

Levels and vault maps discovered:
D:1:      lemuel_arrival_cross, layout_basic
D:2:      layout_basic, shapermc_ecumenical_altar_notcrosses, dk_noncrumbling_4,
          uniq_sigmund

Skill      XL: |  1 |
---------------+----+-----
Summonings     | 5 |  5.7
Dodging        | |  2.3
Stealth        | |  2.0
Spellcasting   | |  2.3

Action                   || total
-------------------------++-------
Melee: Unarmed           ||     7
       Kick              ||     3
       Peck              ||     3
 Cast: Summon Small Mamm ||    37
       Call Imp          ||     3
Armor: Robe              ||     3
Dodge: Dodged            ||     8

Table legend: (Time is in decaauts)
 A = Elapsed time spent in this place.
 B = Non-inter-level travel time spent in this place.
 C = Inter-level travel time spent in this place.
 D = Time resting spent in this place.
 E = Time spent auto-exploring this place.
 F = Levels seen in this place.
 G = Mean time per level.
                   A        B        C        D        E       F      G
               +--------+--------+--------+--------+--------+-----+--------+
         Total |   1564 |   1515 |     49 |      0 |   1300 |   2 |  782.0 |
       Dungeon |   1564 |   1515 |     49 |      0 |   1300 |   2 |  782.0 |
               +--------+--------+--------+--------+--------+-----+--------+

Top non-repeatable levels by time:
     D:1: 1139 daAuts
     D:2: 425 daAuts
